AoeStats
← ALG1S

Baltic

510368412Analyzed
2v2 RM · 2d ago on Sep 30, 2026· 49m 48s· 4 players
Game mode
Random Map
Map size
Medium (4 player)
Population
200
Speed
Normal
Resources
Standard
Victory
Conquest
Starting age
Dark Age
Ending age
Imperial Age
RankedLock teamsTeams togetherTeam positionsShared explorationLock speedFull tech treeHidden civsTurbo modeCheats
Victory
Defeat
🇵🇱 Varangians · Poland
1214
+13
🇵🇱 Magyars · Poland
1194
+14
🇪🇸 Vikings · Spain
1164
-14
🇪🇸 Goths · Spain
1148
-13
Shark51
5:01 Loom
11:20 Feudal Age
12:37 Double-Bit Axe
15:30 Horse Collar
17:08 Town Watch
20:09 Castle Age
19:11 Fletching
21:06 Bodkin Arrow
20:35 Crossbowman
22:27 Bow Saw
22:11 Gold Mining
22:24 Heavy Plow
25:45 Padded Archer Armor
30:44 Gold Shaft Mining
30:28 Leather Archer Armor
31:49 Ballistics
39:02 Imperial Age
37:04 Stone Mining
37:52 Masonry
37:55 Fortified Wall
39:26 Arbalester
43:01 Bracer
43:32 Ring Archer Armor
44:15 Two-Man Saw
44:18 Conscription
44:57 Siege Engineers
45:16 Elite Skirmisher
46:21 Heavy Scorpion
48:17 Bogsveigar
BRISKA
5:40 Loom
10:47 Feudal Age
11:23 Double-Bit Axe
16:12 Castle Age
17:22 Bow Saw
17:15 Horse Collar
17:53 Fishing Lines
20:55 Heavy Plow
24:12 Wheelbarrow
24:13 Gillnets
27:41 Imperial Age
24:58 Town Watch
25:14 Gold Mining
25:31 Stone Mining
26:06 Hand Cart
26:49 Town Patrol
27:30 Stone Shaft Mining
28:40 Forging
28:31 Scale Mail Armor
30:30 Chemistry
30:43 Iron Casting
30:24 Chain Mail Armor
30:23 Squires
31:24 Anarchy
31:46 Conscription
31:33 Perfusion
30:54 Elite Huskarl
31:09 Man-at-Arms
32:07 Perfusion
31:44 Long Swordsman
33:17 Two-Handed Swordsman
34:39 Champion
35:03 Pikeman
36:33 Fletching
37:43 Blast Furnace
36:44 Padded Archer Armor
36:32 Elite Huskarl
36:50 Halberdier
41:55 Bodkin Arrow
ALG1S
7:58 Loom
10:07 Feudal Age
10:39 Double-Bit Axe
15:55 Castle Age
14:52 Horse Collar
17:14 Bow Saw
17:36 Forging
21:19 Scale Barding Armor
25:42 Iron Casting
25:52 Chain Barding Armor
26:02 Fletching
27:00 Bloodlines
26:51 Husbandry
28:47 Bodkin Arrow
28:52 Padded Archer Armor
28:36 Light Cavalry
29:19 Gold Mining
29:23 Elite Skirmisher
30:57 Leather Archer Armor
36:02 Imperial Age
34:11 Wheelbarrow
33:21 Town Watch
36:54 Ballistics
37:47 Blast Furnace
36:48 Bracer
37:20 Ring Archer Armor
37:52 Conscription
38:54 Chemistry
39:42 Plate Barding Armor
43:10 Elite Jarl
45:34 Stone Mining
lukg
8:08 Loom
10:25 Feudal Age
13:07 Wheelbarrow
12:37 Double-Bit Axe
12:44 Horse Collar
19:09 Castle Age
18:04 Bloodlines
18:41 Stone Mining
20:51 Heavy Plow
21:12 Bow Saw
27:30 Hand Cart
27:48 Husbandry
28:45 Scale Barding Armor
29:05 Corvinian Army
29:01 Fletching
30:00 Chain Barding Armor
30:32 Bodkin Arrow
32:46 Gold Mining
33:10 Thumb Ring
32:26 Elite Skirmisher
33:11 Padded Archer Armor
35:06 Leather Archer Armor
35:13 Ballistics
39:52 Imperial Age
41:08 Elite Magyar Huszar
42:09 Conscription
42:35 Plate Barding Armor
44:47 Siege Engineers
Connection lost

Rejoining the realm…

Still unreachable

The connection could not be restored.

Session expired

The server has moved on; the page needs a fresh start.